 Dungeon Crawl Stone Soup version 0.30.0-18-gc0e69614cb (webtiles) character file.

Game seed: 14702447893584709647

332 booth the Chopper (level 6, -7/51 HPs)
             Began as a Gnoll Reaver on May 23, 2023.
             Was an Initiate of Gozag.
             Killed by an exploding orc (37 damage)
             ... ignited by their inner flame
             ... on level 4 of the Dungeon.
             The game lasted 00:27:05 (4195 turns).

booth the Chopper (Gnoll Reaver)                    Turns: 4195, Time: 00:27:05

Health: -7/51      AC:  3    Str: 14    XL:     6   Next: 52%
Magic:  12/14      EV: 12    Int: 12    God:    Gozag
Gold:   576        SH:  0    Dex: 10    Spells: 9/15 levels left

rFire   . . .        a - +0 hand axe
rCold   . . .        (no shield)
rNeg    . . .        b - +0 leather armour
rPois   .            (no helmet)
rElec   .            (no cloak)
rCorr   .            (no gloves)
SInv    .            (no boots)
Will    .....        (no amulet)
Stlth   ++           (no ring)
HPRegen 0.28/turn    (no ring)
MPRegen 0.14/turn

%: no passive effects
@: gold aura
A: fangs 1, strong nose, distributed training
a: Renounce Religion, Potion Petition, Call Merchant, Bribe Branch


You were on level 4 of the Dungeon.
You worshipped Gozag.
Gozag was pleased with you.
You visited 1 branch of the dungeon, and saw 4 of its levels.

You collected 600 gold pieces.
You paid 24 gold pieces to Gozag.

Inventory:

Hand Weapons
 a - a +0 hand axe (weapon)
 g - a +0 flail
 h - a +2 mace of protection
Missiles
 l - 5 javelins (quivered)
 o - 7 poisoned darts
Armour
 b - a +0 leather armour (worn)
 e - the +3 ring mail of Issof {Int+2}
   (You found it on level 3 of the Dungeon)

   Int:       It affects your intelligence (+2).
Jewellery
 j - an amulet of the acrobat
Wands
 q - a wand of charming (11)
Scrolls
 i - a scroll of fear
Potions
 c - a potion of resistance {unknown}
 d - a potion of mutation
 k - 2 potions of ambrosia {unknown}
 n - a potion of degeneration {unknown}
 p - a potion of curing


   Skills:
 + Level 5.0 Fighting
 + Level 2.1 Short Blades
 + Level 2.1 Long Blades
 + Level 6.9 Axes
 + Level 2.1 Maces & Flails
 + Level 2.1 Polearms
 + Level 2.1 Staves
 + Level 2.1 Ranged Weapons
 + Level 2.1 Throwing
 + Level 2.1 Armour
 + Level 5.0 Dodging
 + Level 2.1 Stealth
 + Level 2.1 Shields
 + Level 2.1 Unarmed Combat
 + Level 5.4 Spellcasting
 + Level 5.7 Conjurations
 + Level 1.6 Hexes
 + Level 1.6 Summonings
 + Level 1.6 Necromancy
 + Level 1.6 Translocations
 + Level 1.6 Transmutations
 + Level 1.6 Fire Magic
 + Level 1.6 Ice Magic
 + Level 1.6 Air Magic
 + Level 1.6 Earth Magic
 + Level 1.6 Poison Magic
 + Level 2.3 Invocations
 + Level 2.1 Evocations


You had 9 spell levels left.
You knew the following spells:

 Your Spells              Type           Power      Damage    Failure   Level
a - Kiss of Death         Conj/Necr      48%        2d9       5%          1
b - Momentum Strike       Conj/Tloc      24%        3d8       8%          2
c - Hailstorm             Conj/Ice       12%        3d5       16%         3

Your spell library contained the following spells:

 Spells                   Type           Power      Damage    Failure   Level


Dungeon Overview and Level Annotations

Branches:
Dungeon (4/15)
 Temple: D:4-7

Altars:
Gozag
Makhleb
Nemelex Xobeh
Wu Jian

Annotations:
D:4 Blork the orc


Innate Abilities, Weirdness & Mutations

You have very sharp teeth.
Your uncanny sense of smell can sniff out nearby items.
Your experience applies equally to all skills.


Message History

You hit the orc.
The orc is severely wounded.
You hit something but do no damage. The orc hits you but does no damage.
Something hits you.
* * * LOW HITPOINT WARNING * * *
You closely miss something. You hit the orc but do no damage.
The orc completely misses you.
You hear some strange, mumbled words.
A puff of flame appears from out of thin air!
The puff of flame misses you.
Blork the orc zaps a wand.
The bolt of dispelling energy hits you!
* * * LOW HITPOINT WARNING * * *
You barely miss something. Your punch misses something.
You hit the orc but do no damage. The orc hits you with a +0 club.
* * * LOW HITPOINT WARNING * * *
Blork the orc zaps a wand.
The bolt of dispelling energy misses you.
Something hits you.
* * * LOW HITPOINT WARNING * * *
You feel much better. The orc closely misses you.
Blork the orc points at you and mumbles some strange words.
The puff of frost hits something!
Reactivating autopickup.
You feel a bit more experienced.
As you read the scroll of fear, it crumbles to dust.
You assume a fearsome visage.
Blork the orc looks frightened!
The orc looks frightened! x2; The ogre looks frightened!
As you read the scroll labelled MOOCKU RIKAUMN, it crumbles to dust.
The creatures around you are filled with an inner flame!
It was a scroll of immolation.
You hit the orc but do no damage. The orc barely misses you.
You hit the orc but do no damage. Your punch misses the orc.
Flame seeps out of the orc.
You bite the orc.
The orc is moderately wounded.
The orc is engulfed in blazing flames.
The orc explodes!
The fiery explosion engulfs you!!!
Ouch! That really hurt!
You die...
Your body crumbles into a pile of gold.

.#####...........# +##..
.# #...........# .....
.##..######......#......
..... ∆#......#o.....
..... #......'......
+#### #......#..# .##.#
#....#§##..##.. .....
#....#§○§...o.. .....
#....#§@§...... #####
#.[o.#+##..###+ ##+#..
..# ... $.... ∆ .... ###
##+# ... ∆ ...


You could see an orc (inner flame, fleeing).

Vanquished Creatures
  Menkaure (D:4)
  An orc priest (D:3)
  4 gnolls (D:4)
  2 adders
  A worm (D:2)
  4 dart slugs
  5 orcs
  7 bats
  6 endoplasms
  3 giant cockroaches
  8 goblins
  3 hobgoblins
  4 jackals (D:1)
  12 kobolds
  5 quokkas
  8 ball pythons
  5 frilled lizards
  2 rats (D:3)
81 creatures vanquished.

Vanquished Creatures (others)
  An orc wizard (D:4)
1 creature vanquished.

Grand Total: 82 creatures vanquished

Notes
Turn   | Place    | Note
-------+----------+-------------------------------------------
     0 | D:1      | booth the Gnoll Reaver began the quest for the Orb.
     0 | D:1      | Reached XP level 1. HP: 20/20 MP: 6/6
   106 | D:1      | Reached XP level 2. HP: 25/26 MP: 7/7
   110 | D:1      | Learned a level 2 spell: Momentum Strike
   132 | D:1      | You fall into a shaft and drop 1 floor!
   132 | D:2      | Found an opulent altar of Gozag.
   143 | D:2      | Became a worshipper of Gozag Ym Sagoz the Greedy
   430 | D:1      | Reached skill level 5 in Spellcasting
   430 | D:1      | Reached XP level 3. HP: 31/31 MP: 7/9
   434 | D:1      | Learned a level 3 spell: Hailstorm
   744 | D:1      | Reached skill level 1 in Invocations
  1037 | D:2      | Found a faded altar of an unknown god.
  1121 | D:2      | Reached skill level 1 in Short Blades
  1121 | D:2      | Reached skill level 1 in Long Blades
  1121 | D:2      | Reached skill level 1 in Maces & Flails
  1121 | D:2      | Reached skill level 1 in Polearms
  1121 | D:2      | Reached skill level 1 in Staves
  1121 | D:2      | Reached skill level 1 in Ranged Weapons
  1121 | D:2      | Reached skill level 1 in Throwing
  1121 | D:2      | Reached skill level 1 in Armour
  1121 | D:2      | Reached skill level 1 in Stealth
  1121 | D:2      | Reached skill level 1 in Shields
  1121 | D:2      | Reached skill level 1 in Unarmed Combat
  1121 | D:2      | Reached skill level 1 in Evocations
  1652 | D:2      | Reached XP level 4. HP: 32/38 MP: 11/11
  1831 | D:3      | Identified the +3 ring mail of Issof {Int+2}
  1951 | D:3      | Found an ornate altar of the Wu Jian Council.
  2263 | D:3      | Found a burning altar of Makhleb.
  2436 | D:3      | Reached skill level 1 in Hexes
  2436 | D:3      | Reached skill level 1 in Summonings
  2436 | D:3      | Reached skill level 1 in Necromancy
  2436 | D:3      | Reached skill level 1 in Translocations
  2436 | D:3      | Reached skill level 1 in Transmutations
  2436 | D:3      | Reached skill level 1 in Fire Magic
  2436 | D:3      | Reached skill level 1 in Ice Magic
  2436 | D:3      | Reached skill level 1 in Air Magic
  2436 | D:3      | Reached skill level 1 in Earth Magic
  2436 | D:3      | Reached skill level 1 in Poison Magic
  2620 | D:3      | Reached XP level 5. HP: 38/43 MP: 12/12
  2918 | D:3      | Found a sparkling altar of Nemelex Xobeh.
  3241 | D:4      | Noticed Menkaure
  3260 | D:4      | Killed Menkaure
  3261 | D:4      | Reached XP level 6. HP: 22/50 MP: 11/14
  3384 | D:4      | Reached skill level 5 in Fighting
  3384 | D:4      | Reached skill level 5 in Dodging
  4181 | D:4      | Noticed Blork the orc
  4188 | D:4      | HP: 1/51 [something (3)]
  4195 | D:4      | Killed by an exploding orc... ignited by their inner flame

Illustrated notes

Levels and vault maps discovered:
D:1:      lightli_arrival_quake, layout_loops_cross
D:2:      layout_basic, basic_altar, ebering_ecumenical_altar_hall,
          minmay_misc_feat_plants
D:3:      layout_loops_corners, bloody_makhleb, nemelex_dance_club_becter,
          nicolae_wu_jian_glorious_leap
D:4:      layout_gridville, overflow_temple_1_default, uniq_eustachio,
          uniq_blork_the_orc, uniq_menkaure

Skill      XL: |  1  2  3  4  5  6 |
---------------+-------------------+-----
Spellcasting   | 5 |  5.4
Invocations    | 1 2 |  2.3
Short Blades   | 1 2 |  2.1
Long Blades    | 1 2 |  2.1
Maces & Flails | 1 2 |  2.1
Polearms       | 1 2 |  2.1
Staves         | 1 2 |  2.1
Ranged Weapons | 1 2 |  2.1
Throwing       | 1 2 |  2.1
Armour         | 1 2 |  2.1
Stealth        | 1 2 |  2.1
Shields        | 1 2 |  2.1
Unarmed Combat | 1 2 |  2.1
Evocations     | 1 2 |  2.1
Hexes          | 1 |  1.6
Summonings     | 1 |  1.6
Necromancy     | 1 |  1.6
Translocations | 1 |  1.6
Transmutations | 1 |  1.6
Fire Magic     | 1 |  1.6
Ice Magic      | 1 |  1.6
Air Magic      | 1 |  1.6
Earth Magic    | 1 |  1.6
Poison Magic   | 1 |  1.6
Fighting       | 5 |  5.0
Dodging        | 5 |  5.0
Axes           | |  6.9
Conjurations   | |  5.7

Action                     |  1- 3 |  4- 6 || total
---------------------------+-------+-------++-------
  Melee: Hand axe          |   130 |   159 ||   289
         Bite              |     9 |    15 ||    24
         Punch             |     1 |     4 ||     5
  Throw: Javelin           |       |     3 ||     3
   Cast: Momentum Strike   |       |     1 ||     1
         Hailstorm         |       |     1 ||     1
    Use: Scroll            |     1 |     6 ||     7
         Potion            |     1 |     2 ||     3
   Stab: Distracted        |     1 |     1 ||     2
         Sleeping          |       |     3 ||     3
 Armour: Leather armour    |    30 |    28 ||    58
  Dodge: Dodged            |    68 |    97 ||   165
